 Dungeon Crawl Stone Soup version 0.17.2-1-ge4368a0 (webtiles) character file.

468 Goblin1989 the Poker (level 6, -3/44 HPs)
             Began as a Demonspawn Skald on Sept 19, 2016.
             Shot with a poisoned arrow by a centaur (7 damage)
             ... on level 5 of the Dungeon.
             The game lasted 00:11:56 (3706 turns).

Goblin1989 the Poker (Demonspawn Skald)             Turns: 3706, Time: 00:11:56

Health: -3/44      AC:  7    Str: 13    XL:     6   Next: 81%
Magic:  8/9        EV: 15    Int: 14    God:
Gold:   123        SH:  0    Dex: 13    Spells: 1 memorised, 8 levels left

rFire  . . .     SeeInvis .     a - +1 spear
rCold  . . .     Clarity  .     w - +0 ring mail
rNeg   . . .     SustAt   .     (no shield)
rPois  .         Gourm    .     (helmet restricted)
rElec  .         Spirit   .     (no cloak)
rCorr  .         Warding  .     (no gloves)
rMut   .         Stasis   .     (no boots)
MR     .....                    (no amulet)
Stlth  +.........               k - +5 ring of evasion
                                h - +3 ring of slaying

@: lethally poisoned (-3 -> -7), very slightly contaminated, not resistant to
hostile enchantments, very unstealthy
A: horns 2, yellow scales 1, demonic guardian 1
a: no special abilities


You were on level 5 of the Dungeon.
You were not hungry.

You visited 2 branches of the dungeon, and saw 6 of its levels.

You collected 123 gold pieces.

Inventory:

Hand Weapons
 a - a +1 spear (weapon)
Armour
 w - a +0 ring mail (worn)
Jewellery
 h - a +3 ring of slaying (left hand)
 k - a +5 ring of evasion (right hand)
Scrolls
 o - a scroll of remove curse
Potions
 b - a potion of cure mutation {unknown}
 e - a potion of mutation {unknown}
 j - 2 potions of degeneration
 l - a potion of invisibility {unknown}
 n - a potion of lignification {unknown}
 q - a potion of brilliance
 r - 3 potions of heal wounds
 u - a potion of flight {unknown}
 v - 2 potions of curing
 x - a potion of magic {unknown}
 z - a potion of cancellation
Books
 c - a book of Battle

   Spells                             Type                      Level
   a - Infusion                       Charms                       1
   b - Shroud of Golubria             Charms/Translocation         2
   c - Song of Slaying                Charms                       2
   d - Spectral Weapon                Hexes/Charms                 3
   e - Regeneration                   Charms/Necromancy            3
Comestibles
 d - 2 bread rations
 g - a slice of pizza
 s - a meat ration
 A - 3 chunks of flesh


   Skills:
 - Level 2.0 Fighting
 + Level 6.8 Polearms
 - Level 0.8 Armour
 - Level 0.8 Dodging
 - Level 2.0 Spellcasting
 - Level 2.6 Charms


You had 8 spell levels left.
You knew the following spells:

 Your Spells              Type           Power        Failure   Level  Hunger
a - Infusion              Chrm           #.....       17%         1    ##.....


Dungeon Overview and Level Annotations

Branches:
Dungeon (5/15)             Temple (1/1) D:4

Altars:
Dithmenos
Elyvilon
Fedhas
Makhleb
Nemelex Xobeh
Ru
Sif Muna
Trog
Vehumet
Xom
Yredelemnul
Zin


Innate Abilities, Weirdness & Mutations

You have a pair of horns on your head.
You are partially covered in yellow scales (AC +2).
A weak demonic guardian rushes to your aid.


Message History

The poisoned arrow hits your quasit but does no damage.
The centaur shoots an arrow.
The arrow barely misses your quasit. The arrow misses you.
You see here 2 arrows.
The centaur shoots an arrow.
The arrow hits your quasit!
The centaur shoots a poisoned arrow.
The poisoned arrow misses your quasit. The poisoned arrow hits your quasit.
The centaur shoots an arrow.
The arrow hits your quasit!
Your quasit dies!
You take 13 damage, and have 5/44 hp.
MASSIVE DAMAGE!!
* * * LOW HITPOINT WARNING * * *
You feel sick.
The centaur shoots an arrow.
The arrow closely misses your quasit. The arrow barely misses you.
The orc misses your quasit.
The centaur shoots an arrow.
The arrow closely misses your quasit. The arrow closely misses you.
The centaur shoots a poisoned arrow.
The poisoned arrow barely misses your quasit.
The poisoned arrow hits you!
You die...

.............#
...cc...#<(..####
...c.....((.....#
........(....##.# #
.......((#....#.##.#..
.......(##............
.......o(..5....##...
#........5.......#
###....#.S@......##
....###..........#.....
#.##.
#######........... #.
.. #........#.....( ##
.....#..........
#....#...§...$...
##.......§§....(.
###.##†.§....[..
.......<......##


You could see 3 centaurs, an adder, an orc, a friendly quasit and a friendly
crimson imp.

Vanquished Creatures
  An ogre (D:4)
  2 scorpions (D:4)
  A hound (D:4)
  A giant frog zombie (D:5)
  3 worker ants
  5 adders
  A shadow imp (D:5)
  2 oozes
  2 worms
  2 giant geckos
  6 orcs
  6 bats
  4 giant cockroaches
  4 goblins
  8 hobgoblins
  10 jackals
  9 kobolds
  2 giant newts
  7 rats
76 creatures vanquished.

Vanquished Creatures (collateral kills)
  An orc wizard (D:3)
  Jessica (D:3)
2 creatures vanquished.

Grand Total: 78 creatures vanquished

Notes
Turn   | Place    | Note
--------------------------------------------------------------
     0 | D:1      | Goblin1989 the Demonspawn Skald began the quest for the Orb.
     0 | D:1      | Reached XP level 1. HP: 16/16 MP: 3/3
    50 | D:1      | Gained mutation: You have a pair of small horns on your head. [demonic ancestry]
    50 | D:1      | Reached XP level 2. HP: 16/22 MP: 3/5
   511 | D:1      | Reached skill level 3 in Polearms
   888 | D:1      | Gained mutation: A weak demonic guardian rushes to your aid. [demonic ancestry]
   888 | D:1      | Reached XP level 3. HP: 27/27 MP: 6/6
  1113 | D:2      | Found a radiant altar of Vehumet.
  1240 | D:2      | Found a sparkling altar of Nemelex Xobeh.
  1714 | D:3      | Found a white marble altar of Elyvilon.
  1806 | D:3      | Found a basalt altar of Yredelemnul.
  1901 | D:3      | Reached skill level 4 in Polearms
  1901 | D:3      | Gained mutation: You are partially covered in yellow scales (AC +2). [demonic ancestry]
  1901 | D:3      | Reached XP level 4. HP: 33/33 MP: 7/7
  1903 | D:3      | Found a deep blue altar of Sif Muna.
  1953 | D:3      | Noticed Jessica
  1956 | D:3      | Found a blossoming altar of Fedhas.
  1959 | D:3      | Killed Jessica
  2239 | D:4      | Gained mutation: You have a pair of horns on your head. [demonic ancestry]
  2239 | D:4      | Reached XP level 5. HP: 32/38 MP: 3/8
  2425 | D:4      | Reached skill level 5 in Polearms
  2923 | D:4      | Found a staircase to the Ecumenical Temple.
  2936 | D:4      | Reached XP level 6. HP: 44/44 MP: 9/9
  2948 | Temple   | Entered the Ecumenical Temple
  3447 | D:4      | Reached skill level 6 in Polearms
  3547 | D:4      | Noticed an ogre
  3555 | D:4      | Killed an ogre
  3647 | D:5      | Entered Level 5 of the Dungeon
  3706 | D:5      | Shot with a poisoned arrow by a centaur

Action                   |  1- 3 |  4- 6 || total
-------------------------+-------+-------++-------
Melee: Spear             |   133 |   119 ||   252
 Cast: Infusion          |    11 |    11 ||    22
  Use: Scroll            |       |    11 ||    11
 Stab: Sleeping          |     1 |     1 ||     2
  Eat: Chunk             |     3 |     6 ||     9
